Valeera, chaotic female elven Rogue `###############------ -------------- ----- #-------- #.....)#####@f.c..........| |...| #|.....*.# |..|||# # |............| |..{| #|......|# #-.|..|# ###|............| |...| ----------- #|......|% `##|.[)(|# #-....).......| #-...| |.........-######|......|# # #...(.|# |............| #|...| |.........| ---.----% ### #------# --|----------- #----- |.........| ## # # ## ## ########### ### |.........| ## ### # # # |..........## ## ) # ## # -|------###### ## #### ## # ---|----------# `########## -.-.- # ##---.-# |.......<....|# # |...+ ###|.^..# |............-# ##....| # |..>| |............| |.... ##....| -------------- ----- ----- Valeera the Pilferer Experience level: 12 Strength: 18 Dexterity: 17 Constitution: 16 Intelligence: 10 Wisdom: 11 Charisma: 11 Health: 73(73) Energy: 64(64) Def: 20 Gold: 603 Moves: 24167 Dungeon seed: rqinBfLHcg0mwsls Game ID: Valeera_1443699755 Your Inventory: Coins $ - 603 gold pieces Amulets N - a cursed amulet of change X - an uncursed amulet of ESP (being worn) Weapons d - 9 uncursed +0 elven daggers (in quiver) l - a blessed +3 elven dagger named +3 (weapon in hand) Armor c - an uncursed +0 dwarvish cloak z - a blessed +1 pair of leather gloves (being worn) A - an uncursed +1 dwarvish mithril-coat (being worn) C - a blessed greased +1 dwarvish cloak (being worn) F - an uncursed rotted +0 pair of speed boots (being worn) H - an uncursed +0 dwarvish iron helm (being worn) S - an uncursed +0 elven shield (being worn) Comestibles v - 2 uncursed lizard corpses E - an uncursed tripe ration K - an uncursed fortune cookie O - an uncursed food ration Scrolls o - an uncursed scroll of scare monster p - an uncursed scroll of teleportation I - a cursed scroll of water Spellbooks G - an uncursed spellbook of create monster Potions s - an uncursed potion of extra healing J - an uncursed potion of gain level Wands n - an uncursed wand of sleep (0:3) q - a blessed wand of teleportation (0:5) L - an uncursed wand of digging (0:7) M - an uncursed wand of fire (0:6) Tools a - an uncursed +0 unicorn horn e - an uncursed mirror g - an uncursed blindfold k - an uncursed skeleton key B - a blessed greased bag of holding R - an uncursed +0 unicorn horn U - an uncursed mirror Gems r - an uncursed worthless piece of green glass t - a blessed luckstone y - an uncursed worthless piece of black glass Y - an uncursed worthless piece of orange glass Contents of the bag of holding: 3146 gold pieces the uncursed rustproof +0 Valerian 5 uncursed +0 daggers 33 uncursed +0 darts an uncursed +0 long sword an uncursed poisoned +0 dart 10 cursed +0 shuriken an uncursed +0 worm tooth an uncursed +0 cloak of displacement an uncursed +0 cornuthaum an uncursed +0 dented pot a cursed -3 dwarvish cloak an uncursed +0 dwarvish iron helm an uncursed +1 pair of leather gloves a blessed +0 pair of leather gloves an uncursed +0 pair of leather gloves an uncursed +0 pair of leather gloves an uncursed +0 pair of leather gloves an uncursed +0 pair of leather gloves an uncursed +0 pair of leather gloves a cursed -1 pair of leather gloves an uncursed +0 pair of water walking boots 13 uncursed C-rations 8 uncursed K-rations 2 uncursed apples an uncursed cherry 2 uncursed eucalyptus leaves 13 uncursed food rations an uncursed fortune cookie 6 uncursed lembas wafers 4 uncursed lizard corpses an uncursed orange 2 uncursed tripe rations an uncursed scroll of blank paper an uncursed scroll of confuse monster a blessed scroll of earth 3 uncursed scrolls of enchant weapon 4 uncursed scrolls of identify a cursed scroll of identify 2 uncursed scrolls of light 2 cursed scrolls of magic mapping an uncursed scroll of punishment a blessed scroll of remove curse an uncursed scroll of scare monster a blessed scroll of teleportation an uncursed scroll of water an uncursed spellbook of cone of cold an uncursed spellbook of cure sickness an uncursed spellbook of turn undead an uncursed potion of acid an uncursed potion of confusion 2 uncursed potions of extra healing a cursed potion of fruit juice an uncursed potion of gain ability an uncursed potion of gain energy 3 potions of holy water an uncursed potion of invisibility an uncursed potion of levitation 4 uncursed potions of object detection an uncursed potion of paralysis an uncursed potion of restore ability an uncursed potion of sleeping a potion of unholy water a cursed +3 ring of increase accuracy an uncursed ring of levitation an uncursed ring of poison resistance an uncursed ring of polymorph control an uncursed ring of protection from shape changers an uncursed ring of teleport control an uncursed wand of cold (0:6) an uncursed wand of cold (0:6) an uncursed wand of create monster (0:12) an uncursed wand of digging (0:7) an uncursed wand of digging (0:7) an uncursed wand of lightning (0:7) an uncursed wand of lightning (0:4) an uncursed wand of magic missile (0:6) an uncursed wand of polymorph (0:5) an uncursed brass lantern (0:93) an uncursed bugle a blessed can of grease (0:16) an uncursed frost horn (0:4) an uncursed leash an uncursed lock pick an uncursed mirror an uncursed mirror an uncursed mirror an uncursed +0 pick-axe an uncursed sack an uncursed skeleton key an uncursed stethoscope an uncursed +0 unicorn horn 2 uncursed aquamarine stones 2 uncursed worthless pieces of orange glass an uncursed worthless piece of white glass Spells and supernatural/magical abilities: Name Level Category Fail Memory W - pray for help -- divine ? -- Your skills at the end: Miscellaneous Skills wands [Basic] Weapon Skills dagger [Expert] short sword [Basic] Spellcasting Skills Final Attributes: You were piously aligned. You were fire resistant. You were cold resistant. You were sleep resistant. You were poison resistant. You were telepathic. You had automatic searching. You had infravision. You were stealthy. You were protected. You were very fast. You were extremely lucky. You had extra luck. Good luck did not time out for you. You are dead. Vanquished creatures: an Olog-hai a guardian naga a lurker above a black pudding 4 vampires 3 ghosts 2 giant mimics a large mimic a wumpus a baby long worm 2 long worms 3 stalkers an air elemental a giant mummy 4 sergeants a barbed devil 3 wargs a winter wolf 6 small mimics a warhorse 3 xans 4 ettin mummies 3 quantum mechanics a troll 3 wood golems a shark a pyrolisk 2 freezing spheres 2 flaming spheres a shocking sphere 3 tigers a gargoyle 3 dwarf kings 9 tengu 2 gelatinous cubes 3 ochre jellies a chameleon a leocrotta a giant an elf mummy 2 human mummies 2 cobras 2 wraiths 2 ettin zombies a leather golem 15 soldiers 2 horned devils 6 giant beetles a cockatrice 3 wolves 3 winter wolf cubs a panther 34 leprechauns a quivering blob 2 spotted jellies 6 lizards 4 mountain nymphs 2 mumakil 3 giant spiders 2 scorpions 3 horses an ice vortex a black light 3 vampire bats a forest centaur 4 gnome kings a dwarf mummy 5 brown puddings 2 rust monsters 4 owlbears 3 yetis 3 gold golems 2 werewolves 2 chickatrices 3 dogs 4 dingos 3 jaguars 5 dwarf lords 3 blue jellies 3 water nymphs 2 white unicorns 2 gray unicorns a dust vortex 6 ravens 4 plains centaurs 3 gnome mummies 4 snakes 5 apes 2 human zombies a rope golem a Woodland-elf 13 soldier ants 6 fire ants 2 baby crocodiles 3 wood nymphs 20 Mordor orcs 8 Uruk-hai 2 orc shamans 3 rock moles 9 rock piercers 6 ponies 4 yellow lights 4 shriekers 2 violet fungi 14 gnome lords 3 gnomish wizards 3 kobold mummies 2 golden naga hatchlings 5 gray oozes 2 barrow wights 4 elf zombies 3 ghouls 3 straw golems 4 paper golems 2 giant ants 5 little dogs 6 floating eyes 3 kittens 26 dwarves a homunculus 3 kobold lords 3 kobold shamans 12 iguanas 18 hill orcs 12 rothes a rabid rat a centipede 4 giant bats a monkey 11 orc zombies 8 dwarf zombies 2 wererats 5 werejackals 12 killer bees 5 coyotes 6 gas spores 7 hobbits 8 acid blobs 6 large kobolds 10 geckos 2 hobgoblins 19 giant rats 3 cave spiders 3 brown molds 4 yellow molds 7 green molds 2 red molds 60 gnomes 55 garter snakes 12 manes 5 gnome zombies 19 jackals 4 foxes 5 kobolds 12 newts 5 goblins 6 sewer rats 4 grid bugs 7 bats 6 lichens 8 kobold zombies 817 creatures vanquished. Voluntary challenges: You used a wielded weapon 1007 times, starting on turn 25. You read items or engraved 7 times, starting on turn 5080. You never genocided any monsters. You never polymorphed an object. You never changed form. You cheated 1 time but completed Sokoban on turn 8746. You used no wishes. You never split a pudding. You wrote Elbereth's name 3 times, starting on turn 5080. You never violated your personal moral code. Dungeon overview: The Dungeons of Doom: levels 1 to 23 Level 1 a long staircase Level 2 a general store Level 3 a scroll shop, an altar to Issek, a fountain Level 4 a fountain stairs to The Gnomish Mines Level 5 a fountain Level 6 a scroll shop, an altar to Kos, a fountain Level 7 a fountain Level 8 (lep hall) Level 9 many fountains Level 10 a fountain stairs to Sokoban Level 11 a potion shop, some fountains Level 12 (bought 4 pts) a temple to Kos Level 13 (big room) Level 14 a temple to Kos Level 15 Level 16 (quest) a fountain a magic portal Level 17 Level 18 Level 19 Level 20 <- You were here a fountain Level 21 Level 22 Level 23 The Gnomish Mines: levels 5 to 13 Level 5 stairs to The Dungeons of Doom Level 6 Level 7 (bought 2 pts) many shops, a temple to Kos, a magic chest, some fountains Level 8 Level 9 Level 10 Level 11 Level 12 Level 13 a magic chest, some fountains Sokoban: levels 6 to 9 Level 6 a magic chest Level 7 Level 8 Level 9 a magic chest stairs to The Dungeons of Doom History has recorded: On T:1 you entered the Dungeons of Doom to retrieve the Amulet of Yendor! On T:321 you reached level 2 of The Dungeons of Doom. On T:816 you advanced to experience level 2. On T:1326 you advanced to experience level 3. On T:1339 you reached level 3 of The Dungeons of Doom. On T:1610 you reached level 4 of The Dungeons of Doom. On T:1676 you reached level 1 of The Gnomish Mines. On T:2174 you reached level 5 of The Dungeons of Doom. On T:2242 you reached level 6 of The Dungeons of Doom. On T:2321 you advanced to experience level 4. On T:3208 you reached level 7 of The Dungeons of Doom. On T:3347 you advanced to experience level 5. On T:3655 you reached level 8 of The Dungeons of Doom. On T:3762 you reached level 9 of The Dungeons of Doom. On T:4102 you reached level 10 of The Dungeons of Doom. On T:4148 you reached level 11 of The Dungeons of Doom. On T:4170 you advanced to experience level 6. On T:4315 you reached level 4 of Sokoban. On T:4398 you opened a magic chest. On T:4875 you advanced to experience level 7. On T:5021 you reached level 3 of Sokoban. On T:5120 you opened a magic chest. On T:6017 you reached level 2 of Sokoban. On T:6976 you reached level 1 of Sokoban. On T:7071 you advanced to experience level 8. On T:7713 you opened a magic chest. On T:8746 you entered the Sokoban zoo. On T:9108 you opened a magic chest. On T:9109 you opened a magic chest. On T:9112 you opened a magic chest. On T:9128 you opened a magic chest. On T:9242 you opened a magic chest. On T:9393 you reached level 12 of The Dungeons of Doom. On T:9878 you reached level 13 of The Dungeons of Doom. On T:10112 you advanced to experience level 9. On T:12130 you reached level 2 of The Gnomish Mines. On T:13057 you reached level 3 of The Gnomish Mines. On T:13265 you entered the Minetown temple On T:13375 you opened a magic chest. On T:13379 you opened a magic chest. On T:13387 you opened a magic chest. On T:13629 you opened a magic chest. On T:13632 you opened a magic chest. On T:13638 you opened a magic chest. On T:13641 you opened a magic chest. On T:14101 you opened a magic chest. On T:14102 you opened a magic chest. On T:14104 you opened a magic chest. On T:14105 you opened a magic chest. On T:14257 you opened a magic chest. On T:14279 you opened a magic chest. On T:14280 you opened a magic chest. On T:14327 you reached level 4 of The Gnomish Mines. On T:14599 you opened a magic chest. On T:14791 you reached level 5 of The Gnomish Mines. On T:15163 you reached level 6 of The Gnomish Mines. On T:15189 you advanced to experience level 10. On T:16291 you opened a magic chest. On T:16293 you opened a magic chest. On T:16293 you opened a magic chest. On T:16295 you opened a magic chest. On T:16405 you opened a magic chest. On T:16685 you reached level 7 of The Gnomish Mines. On T:16753 you reached level 8 of The Gnomish Mines. On T:16821 you reached level 9 of The Gnomish Mines. On T:16821 you reached the bottom of the Mines. On T:17567 you opened a magic chest. On T:17568 you opened a magic chest. On T:17569 you opened a magic chest. On T:18125 you opened a magic chest. On T:18128 you opened a magic chest. On T:18128 you opened a magic chest. On T:18129 you opened a magic chest. On T:18228 you opened a magic chest. On T:18229 you opened a magic chest. On T:18290 you opened a magic chest. On T:18290 you opened a magic chest. On T:18298 you opened a magic chest. On T:18298 you opened a magic chest. On T:18298 you opened a magic chest. On T:18298 you opened a magic chest. On T:18332 you opened a magic chest. On T:18333 you opened a magic chest. On T:18334 you opened a magic chest. On T:18334 you opened a magic chest. On T:18350 you opened a magic chest. On T:18350 you opened a magic chest. On T:18380 you opened a magic chest. On T:18381 you opened a magic chest. On T:18384 you opened a magic chest. On T:18388 you opened a magic chest. On T:18388 you opened a magic chest. On T:18390 you opened a magic chest. On T:18392 you opened a magic chest. On T:18393 you opened a magic chest. On T:18394 you opened a magic chest. On T:18396 you opened a magic chest. On T:18397 you opened a magic chest. On T:18947 you opened a magic chest. On T:19819 you advanced to experience level 11. On T:19861 you opened a magic chest. On T:20013 you received Valerian from Kos. On T:20108 you opened a magic chest. On T:20109 you opened a magic chest. On T:20110 you opened a magic chest. On T:20819 you reached level 14 of The Dungeons of Doom. On T:21071 you reached level 15 of The Dungeons of Doom. On T:21198 you advanced to experience level 12. On T:21559 you reached level 16 of The Dungeons of Doom. On T:22203 you reached level 17 of The Dungeons of Doom. On T:22235 you reached level 18 of The Dungeons of Doom. On T:22661 you reached level 19 of The Dungeons of Doom. On T:22897 you reached level 20 of The Dungeons of Doom. On T:23261 you reached level 21 of The Dungeons of Doom. On T:23490 you reached level 22 of The Dungeons of Doom. On T:23679 you reached level 23 of The Dungeons of Doom. Score breakdown: Gold: 3749 ( 374 points) Experience: 12 levels ( 1100 points) Exploration: 23 levels ( 660 points) Discoveries: 35 items ( 1750 points) Variety of kills: 161 monsters ( 2000 points) Major goal: Sokoban/Mines ( 1500 points) Survival: died (score multiplied by 3) Total score: 22152 Latest messages: Your limbs have turned to stone. You have turned to stone. You are a statue. The sack is empty. The sack is empty. Final status: Goodbye Valeera the Rogue, petrified by a cockatrice, while unable to move due to turning to stone... You turned to stone in The Dungeons of Doom on dungeon level 20 with 22152 points, and 3749 pieces of gold, after 24167 moves. You were level 12 with a maximum of 73 hit points when you turned to stone.